 Dungeon Crawl Stone Soup version 0.20-a0-972-gb9bd3e6 (webtiles) character file.

1809 nikopol the Magician (level 8, -5/41 HPs)
             Began as a Deep Elf Fire Elementalist on Apr 9, 2017.
             Was an Initiate of Vehumet.
             Killed by divine providence
             ... invoked by an orc priest
              (8 damage)
             ... on level 6 of the Dungeon.
             The game lasted 00:28:30 (7070 turns).

nikopol the Magician (Deep Elf Fire Elementalist)   Turns: 7070, Time: 00:28:31

Health: -5/41      AC: 10    Str:  5    XL:     8   Next: 84%
Magic:  10/19      EV: 15    Int: 23    God:    Vehumet [......]
Gold:   342        SH:  0    Dex: 15    Spells: 9/20 levels left

rFire    + . .     SeeInvis .   i - +1 dagger
rCold    . . .     Gourm    .   (no shield)
rNeg     . . .     Faith    .   h - +0 leather armour
rPois    .         Spirit   .   (no helmet)
rElec    .         Reflect  .   l - scarf {rC+}
rCorr    .         Harm     .   E - +2 pair of gloves
MR       .....                  (no boots)
Stlth    +++.......             (no amulet)
Regen    0.2/turn               t - +4 ring of protection
MPRegen  0.2/turn               v - ring of fire

@: no status effects
A: no striking features
a: Renounce Religion


You were on level 6 of the Dungeon.
You worshipped Vehumet.
Vehumet was noncommittal.
You were not hungry.

You visited 2 branches of the dungeon, and saw 7 of its levels.

You collected 380 gold pieces.
You spent 38 gold pieces at shops.

Inventory:

Hand Weapons
 i - a +1 dagger (weapon)
Armour
 a - a +0 robe
 h - a +0 leather armour (worn)
 l - a scarf of cold resistance (worn)
 E - a +2 pair of gloves (worn)
Jewellery
 t - a +4 ring of protection (left hand)
 v - a ring of fire (right hand)
 z - a cursed ring of teleportation {unknown}
 B - an uncursed ring of resist corrosion {unknown}
Wands
 x - a wand of enslavement (16/24)
Scrolls
 d - 2 scrolls of fog {unknown}
 g - a scroll of identify
 j - a scroll of recharging {unknown}
 o - 3 scrolls of remove curse
 p - a scroll of fear {unknown}
 q - 3 scrolls of magic mapping
 r - 2 scrolls of enchant weapon
 s - 3 scrolls of noise {unknown}
 u - 2 scrolls of amnesia {unknown}
 w - 2 scrolls of teleportation {unknown}
 y - a scroll of immolation {unknown}
Potions
 e - 4 potions of curing
 f - a potion of agility
 k - 2 potions of lignification
 m - 2 potions of magic
 A - a potion of cancellation {unknown}
 C - a potion of brilliance {unknown}
 D - a potion of haste {unknown}
 G - a potion of heal wounds {unknown}
Books
 b - a book of Flames

   Spells                             Type                      Level
   a - Flame Tongue                   Conjuration/Fire             1
   b - Throw Flame                    Conjuration/Fire             2
   c - Conjure Flame                  Conjuration/Fire             3
   d - Inner Flame                    Hexes/Fire                   3
   e - Sticky Flame                   Conjuration/Fire             4
   f - Fireball                       Conjuration/Fire             5
Comestibles
 c - 5 bread rations
 n - 2 meat rations


   Skills:
 + Level 3.5 Armour
 + Level 6.4 Dodging
 + Level 6.5 Stealth
 + Level 6.6 Spellcasting
 + Level 5.1 Conjurations
 + Level 5.9 Fire Magic


You had 9 spell levels left.
You knew the following spells:

 Your Spells              Type           Power        Failure   Level  Hunger
a - Flame Tongue          Conj/Fire      #####        1%          1    None
b - Throw Flame           Conj/Fire      #####.       1%          2    None
c - Conjure Flame         Conj/Fire      #####...     4%          3    None
d - Fireball              Conj/Fire      #####.....   38%         5    #####..


Dungeon Overview and Level Annotations

Branches:
Dungeon (6/15)             Temple (1/1) D:5

Altars:
Ashenzari
Cheibriados
Dithmenos
Elyvilon
Fedhas
Gozag
Hepliaklqana
Kikubaaqudgha
Makhleb
Nemelex Xobeh
Okawaru
Qazlal
Ru
Trog
Uskayaw
Vehumet
Wu Jian
Xom
Yredelemnul
Zin
The Shining One

Shops:
D:5 ?

Annotations:
D:2 exclusion: oklob plant


Message History

The orc priest looks braver for a moment.
Casting: Flame Tongue
Confirm with . or Enter, or press ? or * to list all spells.
Aiming: Flame Tongue
Press: ? - help, Shift-Dir - straight line, f/p - orc warrior
Aim: an orc warrior, wielding a flail and wearing a plate armour (almost dead)
You feel a surge of power!
The flame tongue hits the orc warrior.
You kill the orc warrior!
Vehumet accepts your kill.
The orc throws a tomahawk.
The tomahawk completely misses you.
Casting: Flame Tongue
Confirm with . or Enter, or press ? or * to list all spells.
Aiming: Flame Tongue
Press: ? - help, Shift-Dir - straight line, f - orc
Aim: an orc, wielding a club You feel a surge of power!
The flame tongue hits the orc.
The orc is almost dead.
The orc priest calls down the wrath of Beogh upon you.
Beogh smites you!
You die...

############ .....##....#
##### ####.##....# #...# ##
..##.##....# #...# ..
#.##.##...o###...###.#.#.#
..........oo)ยง..@.(.......
...####...5###...###.#.#..
...# #....# #...# # ...#
#....# ##### ..(# #....#
###### ...####....####....#
..............#.##.#
#############.#.##.##########
............................#


You could see an orc priest, a crimson imp and 2 orcs.

Vanquished Creatures
  Pikel (D:5)
  The ghost of nikopol the Magician, a novice DEFE (D:4)
  An orc warrior (D:6)
  A hornet zombie (D:5)
  3 slaves (D:5)
  A phantom (D:6)
  2 ogres
  A big kobold (D:4)
  A bullfrog (D:6)
  A scorpion (D:6)
  A howler monkey (D:3)
  A bullfrog zombie (D:5)
  The ghost of MTVSty1e the Skirmisher, a weakling FeBe of Trog (D:3)
  A centaur skeleton (D:3)
  A hound (D:4)
  A jelly (D:5)
  2 orc wizards (D:4)
  2 orc priests
  A bullfrog skeleton (D:4)
  A howler monkey zombie (D:6)
  3 gnolls (D:5)
  6 adders
  2 worms (D:3)
  3 dart slugs
  7 leopard geckos
  18 orcs
  4 giant cockroaches
  7 hobgoblins
  8 jackals
  3 kobolds (D:1)
  2 quokkas (D:3)
  A ball python (D:1)
  5 bats
  3 frilled lizards
  7 goblins
  A leopard gecko skeleton (D:4)
  A quokka zombie (D:6)
  4 rats
  A fungus (D:2)
111 creatures vanquished.

Notes
Turn   | Place    | Note
-------+----------+-------------------------------------------
     0 | D:1      | nikopol the Deep Elf Fire Elementalist began the quest for the Orb.
     0 | D:1      | Reached XP level 1. HP: 10/10 MP: 6/6
   418 | D:1      | Reached XP level 2. HP: 15/15 MP: 5/8
  1089 | D:2      | Reached XP level 3. HP: 18/19 MP: 6/9
  1232 | D:2      | Found a blossoming altar of Fedhas.
  1280 | D:2      | Noticed an oklob plant
  1489 | D:2      | Found an iron altar of Okawaru.
  1492 | D:2      | Found an ornate altar of the Wu Jian Council.
  1495 | D:2      | Found a snail-covered altar of Cheibriados.
  1498 | D:2      | Reached skill level 1 in Armour
  2202 | D:3      | Learned a level 2 spell: Throw Flame
  2206 | D:3      | Learned a level 3 spell: Conjure Flame
  2265 | D:3      | Noticed MTVSty1e's ghost (weakling FeBe)
  2269 | D:3      | Killed MTVSty1e's ghost
  2269 | D:3      | Reached XP level 4. HP: 24/24 MP: 4/11
  2328 | D:3      | Found a faded altar of an unknown god.
  2709 | D:3      | Found a glowing silver altar of Zin.
  2720 | D:3      | Found a bloodstained altar of Trog.
  2724 | D:3      | Found a radiant altar of Vehumet.
  2760 | D:3      | Reached XP level 5. HP: 20/28 MP: 4/12
  2852 | D:3      | Learned a level 5 spell: Fireball
  3659 | D:4      | Reached XP level 6. HP: 32/32 MP: 5/14
  4015 | D:4      | Noticed nikopol's ghost (novice DEFE)
  4023 | D:4      | Killed nikopol's ghost
  4023 | D:4      | Reached XP level 7. HP: 35/36 MP: 3/16
  4601 | D:5      | Entered Level 5 of the Dungeon
  4654 | D:5      | Reached skill level 5 in Dodging
  4654 | D:5      | Reached skill level 5 in Spellcasting
  4757 | D:5      | Found Nuacaut's Magic Scroll Boutique.
  4765 | D:5      | Bought a scroll of magic mapping for 38 gold pieces
  4799 | D:5      | Reached skill level 5 in Stealth
  4945 | D:5      | You fall through a shaft!
  5056 | D:5      | Noticed Pikel
  5310 | D:5      | Reached skill level 5 in Fire Magic
  5596 | D:5      | Reached XP level 8. HP: 41/41 MP: 10/18
  5755 | D:5      | Killed Pikel
  6190 | D:5      | Found a staircase to the Ecumenical Temple.
  6199 | Temple   | Entered the Ecumenical Temple
  6461 | D:3      | Became a worshipper of Vehumet
  6910 | D:6      | Found a hazy altar of Hepliaklqana.
  6913 | D:6      | Found a sparkling altar of Nemelex Xobeh.
  6916 | D:6      | Reached skill level 5 in Conjurations
  7057 | D:6      | HP: 1/41 [orc priest/divine providence (14)]
  7070 | D:6      | Killed from afar by an orc priest

Vault maps used:
D:1:      matt_arrival_refuge
D:2:      tgw_fedhas, grunt_temple_overflow_diamond
D:3:      minmay_door_path, minmay_overflow_temple_star_quad,
          chequers_ecumenical_altar_island, hangedman_decor_diamond_cutter,
          hex_medium
D:4:      first_bread, kennysheep_generic_room_4
D:5:      lemuel_temple_firewalk_b, serial_shops, shop, uniq_pikel
D:6:      gammafunk_temple_overflow_statue
Temple:   nicolae_temple_hex_pool

Skill      XL: |  1  2  3  4  5  6  7  8 |
---------------+-------------------------+-----
Dodging        | 3 4 5 6 |  6.4
Armour         | 1 2 3 |  3.5
Stealth        | 3 4 5 6 |  6.5
Conjurations   | 2 3 4 5 |  5.1
Fire Magic     | 4 5 |  5.9
Spellcasting   | 4 5 6 |  6.6

Action                   |  1- 3 |  4- 6 |  7- 9 || total
-------------------------+-------+-------+-------++-------
Melee: Dagger            |   173 |       |    24 ||   197
 Cast: Flame Tongue      |    59 |    67 |   138 ||   264
       Throw Flame       |     2 |    20 |    13 ||    35
       Conjure Flame     |       |     1 |     7 ||     8
Evoke: Wand              |       |       |     2 ||     2
  Use: Scroll            |       |       |     7 ||     7
  Eat: Chunk             |     2 |     4 |     6 ||    12
       Bread ration      |     1 |       |       ||     1
       Meat ration       |       |       |     1 ||     1
Armor: Leather armour    |     5 |     4 |    13 ||    22
Dodge: Dodged            |     8 |    16 |    39 ||    63
